 Dungeon Crawl Stone Soup version 0.24-a0-475-g5b41c6f198 (webtiles) character file.

Game seed: 17767632543976896991

5210 Azzok the Thaumaturge (level 10, -11/50 HPs)
             Began as a Deep Elf Earth Elementalist on July 5, 2019.
             Was an Initiate of Vehumet.
             Mangled by a two-headed ogre
             ... wielding a +0 dire flail of protection
              (24 damage)
             ... on level 9 of the Dungeon.
             The game lasted 00:11:56 (11496 turns).

Azzok the Thaumaturge (DEEE)                       Turns: 11496, Time: 00:11:56

Health: -11/50     AC:  5    Str:  5    XL:     10   Next: 35%
Magic:  27/27      EV: 13    Int: 24    God:    Vehumet [......]
Gold:   369        SH:  5    Dex: 15    Spells: 22/31 levels left

rFire    + . .     SeeInvis +   p - +2 whip (drain)
rCold    . . .     Gourm    .   f - +0 buckler
rNeg     . . .     Faith    .   n - +0 robe (curse)
rPois    .         Spirit   .   q - +0 helmet
rElec    .         Reflect  .   (no cloak)
rCorr    .         Harm     .   C - +0 pair of gloves
MR       +....                  A - +0 pair of boots
Stlth    ++........             (no amulet)
HPRegen  0.16/turn              r - ring of protection from fire
MPRegen  0.20/turn              G - ring of see invisible

@: no status effects
A: no striking features
a: Renounce Religion


You were on level 9 of the Dungeon.
You worshipped Vehumet.
Vehumet was noncommittal.
You were not hungry.

You visited 2 branches of the dungeon, and saw 10 of its levels.

You collected 369 gold pieces.

Inventory:

Hand Weapons
 p - a +2 whip of draining (weapon)
Missiles
 b - 167 stones (quivered)
Armour
 f - a +0 buckler (worn)
 n - a cursed +0 robe (worn)
 q - a +0 helmet (worn)
 A - a +0 pair of boots (worn)
 C - a +0 pair of gloves (worn)
Jewellery
 r - a ring of protection from fire (left hand)
 G - a ring of see invisible (right hand)
Wands
 y - a wand of clouds (8)
 B - a wand of disintegration (5)
 E - a wand of enslavement (5)
 F - a wand of iceblast (6)
Scrolls
 a - a scroll of summoning {unknown}
 c - 3 scrolls of enchant armour
 e - a scroll of magic mapping {unknown}
 g - a scroll of amnesia {unknown}
 h - 6 scrolls of remove curse {unknown}
 l - 3 scrolls of teleportation {unknown}
 o - 2 scrolls of immolation {unknown}
 w - a scroll of blinking {unknown}
 x - a scroll of fear
 z - 2 scrolls of enchant weapon
Potions
 i - a potion of mutation {!q}
 j - a potion of magic
 k - 6 potions of curing
 m - a potion of resistance
 s - 2 potions of agility
 t - 2 potions of flight
 u - 2 potions of heal wounds
Comestibles
 d - 19 rations


   Skills:
 - Level 2.4 Dodging
 - Level 2.4 Stealth
 - Level 4.0 Shields
 + Level 11.3 Spellcasting
 + Level 8.9 Conjurations
   Level 1.1 Transmutations
 + Level 9.9 Earth Magic


You had 22 spell levels left.
You knew the following spells:

 Your Spells              Type           Power        Failure   Level  Hunger
a - Sandblast             Erth           ######       1%          1    None
b - Stone Arrow           Conj/Erth      ######       1%          3    None
d - Lee's Rapid Deconstr  Erth           ######....   2%          5    ####...

Your spell library contained the following spells:

 Spells                   Type           Power        Failure   Level  Hunger
 Passwall                 Tmut/Erth      #####...     1%          2    None
 Summon Small Mammal      Summ           ##..         4%          1    None
 Petrify                  Tmut/Erth      #####...     4%          4    None
 Call Imp                 Summ           ##......     7%          2    None
 Call Canine Familiar     Summ           ##......     14%         3    None
 Summon Guardian Golem    Hex/Summ       ##......     14%         3    None
 Summon Ice Beast         Ice/Summ       ##......     41%         4    None
 Summon Lightning Spire   Summ/Air       ##......     41%         4    None


Dungeon Overview and Level Annotations

Branches:
Dungeon (9/15)             Temple (1/1) D:7
   Lair: D:8-11         Orc: D:9-12

Altars:
Ashenzari
Cheibriados
Dithmenos
Elyvilon
Fedhas
Gozag
Hepliaklqana
Kikubaaqudgha
Makhleb
Nemelex Xobeh
Okawaru
Qazlal
Ru
Sif Muna
Trog
Uskayaw
Vehumet
Wu Jian
Xom
Yredelemnul
Zin
The Shining One

Annotations:
D:6 1 runed translucent door, Tribosh's ghost, novice FoFi
D:9 Joseph


Message History

You can't see any susceptible monsters within range! (Use Z to cast anyway.) Joseph unwields a +0 quarterstaff.
Joseph wields a +0 hunting sling.
Joseph shoots a sling bullet.
The sling bullet hits you.
You climb upwards.
There is a stone staircase leading down here.
You are feeling hungry.
You eat one of the 20 rations.
That ration really hit the spot!
There is a stone staircase leading down here.
You climb downwards.
Level annotation: Joseph A two-headed ogre comes into view.
It is wielding a +0 dire flail of protection and a +0 giant spiked club.
The two-headed ogre shouts in stereo!
The two-headed ogre hits you with a +0 dire flail of protection!!
Ouch! That really hurt!
The two-headed ogre hits you with a +0 giant spiked club!
* * * LOW HITPOINT WARNING * * *
Found 19 gold pieces.
There is a stone staircase leading up, spattered with blood here.
The two-headed ogre hits you with a +0 dire flail of protection!!
You die...

·· ▒· ▒▒▒▒·
···· ▒ ▒··
·▒·
▒·▒▒▒····
▒▒<··$·▒
▒·O····▒
▒@·····▒
▒·········▒
▒▒▒······▒▒
▒▒···▒▒▒
▒····▒
······▒
·▒▒▒··· ▒▒
···


You could see a two-headed ogre.

Vanquished Creatures
  A two-headed ogre (D:8)
  Maurice (D:8)
  Sigmund (D:4)
  Eustachio (D:4)
  A yak (D:9)
  A steam dragon (D:8)
  A hungry ghost (D:8)
  Grum (D:8)
  3 ice beasts
  5 ogres
  4 phantoms
  4 wolves (D:8)
  2 centaurs
  A necrophage (D:6)
  A big kobold (D:7)
  5 bullfrogs
  A water moccasin zombie (D:7)
  A scorpion (D:3)
  A howler monkey (D:4)
  2 crimson imps
  A quasit (D:8)
  4 orc priests
  3 bullfrog skeletons
  6 hounds
  8 orc wizards
  3 iguanas
  10 worker ants
  A hound zombie (D:7)
  A hound skeleton (D:7)
  A worker ant zombie (D:7)
  Robin (D:4)
  3 gnolls (D:7)
  A howler monkey skeleton (D:9)
  6 adders
  A shadow imp (D:6)
  2 oozes
  An adder zombie (D:8)
  3 worms
  3 dart slugs
  7 leopard geckos
  20 orcs
  5 giant cockroaches
  9 goblins
  4 hobgoblins
  3 quokkas
  2 ball pythons
  11 bats
  2 frilled lizards
  A jackal skeleton (D:4)
  3 kobolds
  25 rats
189 creatures vanquished.

Vanquished Creatures (others)
  A human (D:3)
1 creature vanquished.

Grand Total: 190 creatures vanquished

Notes
Turn   | Place    | Note
-------+----------+-------------------------------------------
     0 | D:1      | Azzok the Deep Elf Earth Elementalist began the quest for
                  | the Orb.
     0 | D:1      | Reached XP level 1. HP: 10/10 MP: 6/6
   372 | D:1      | Reached XP level 2. HP: 15/15 MP: 4/8
   733 | D:2      | Found a white marble altar of Elyvilon.
   783 | D:2      | Reached skill level 4 in Spellcasting
   783 | D:2      | Reached XP level 3. HP: 14/19 MP: 5/10
   887 | D:2      | Learned a level 3 spell: Stone Arrow
  1331 | D:2      | Reached skill level 1 in Conjurations
  1879 | D:3      | Noticed a scorpion
  1917 | D:3      | Killed a scorpion
  1917 | D:3      | Reached XP level 4. HP: 6/24 MP: 0/12
  1935 | D:2      | HP: 1/24 [poisoned by a scorpion]
  2285 | D:3      | Found an ancient bone altar of Kikubaaqudgha.
  2286 | D:3      | Noticed a human
  2288 | D:3      | Killed a human
  2498 | D:3      | Noticed an ogre
  2504 | D:3      | Killed an ogre
  2504 | D:3      | Reached skill level 5 in Spellcasting
  2504 | D:3      | Reached skill level 5 in Earth Magic
  2504 | D:3      | Reached XP level 5. HP: 28/28 MP: 5/14
  2511 | D:3      | Learned a level 5 spell: Lee's Rapid Deconstruction
  3471 | D:3      | Reached XP level 6. HP: 19/32 MP: 7/16
  3653 | D:4      | Reached skill level 6 in Spellcasting
  3675 | D:4      | Noticed Eustachio
  3771 | D:4      | Killed Eustachio
  3930 | D:4      | Reached XP level 7. HP: 36/36 MP: 8/18
  4219 | D:4      | Reached skill level 7 in Spellcasting
  4649 | D:4      | Noticed Robin
  4664 | D:4      | Killed Robin
  4829 | D:4      | Found a snail-covered altar of Cheibriados.
  4898 | D:4      | Noticed Sigmund
  4902 | D:4      | Killed Sigmund
  4902 | D:4      | Reached skill level 5 in Conjurations
  5399 | D:4      | Found a stormy altar of Qazlal.
  5414 | D:5      | Entered Level 5 of the Dungeon
  5417 | D:5      | Reached XP level 8. HP: 41/41 MP: 14/21
  5618 | D:5      | Reached skill level 8 in Spellcasting
  6842 | D:5      | Reached skill level 9 in Spellcasting
  7215 | D:6      | Reached skill level 1 in Shields
  7365 | D:6      | Reached XP level 9. HP: 45/45 MP: 11/24
  7604 | D:6      | Found a runed translucent door.
  7605 | D:6      | Found a shimmering altar of Xom.
  7605 | D:6      | Noticed Tribosh's ghost (novice FoFi)
  7605 | D:6      | Noticed a +0 falchion of chaos
  9066 | D:7      | Found a staircase to the Ecumenical Temple.
  9072 | D:7      | Reached skill level 10 in Spellcasting
  9094 | Temple   | Entered the Ecumenical Temple
  9251 | Temple   | Became a worshipper of Vehumet
 10396 | D:8      | Noticed Grum
 10411 | D:8      | Killed Grum
 10613 | D:8      | Noticed a two-headed ogre
 10621 | D:8      | Killed a two-headed ogre
 10621 | D:8      | Reached skill level 11 in Spellcasting
 10621 | D:8      | Reached XP level 10. HP: 50/50 MP: 10/27
 10924 | D:8      | Found an ornate altar of the Wu Jian Council.
 10972 | D:8      | Noticed Maurice
 10979 | D:8      | Killed Maurice
 11329 | D:9      | Noticed Joseph
 11494 | D:9      | Noticed a two-headed ogre
 11496 | D:9      | Mangled by a two-headed ogre

Levels and vault maps discovered:
D:1:      dpeg_arrival_water_temple_mockup, layout_basic
D:2:      layout_loops_ring, elyvilon_altar_5
D:3:      layout_basic, tgw_kikubaaqudgha
D:4:      layout_rooms, kennysheep_slug_shrine, lemuel_doored_altar,
          first_ration, corexii_corridor_pit, grunt_ministairs_14,
          minmay_fountain_box, minmay_rat_hole, uniq_sigmund, uniq_robin,
          uniq_eustachio
D:5:      layout_cave_pods
D:6:      layout_loops_cross, ebering_ghost_xom
D:7:      layout_basic, minmay_temple_entry_trees
D:8:      layout_cave_pods, kennysheep_mini, uniq_grum, uniq_maurice
D:9:      layout_cave_pools, zombieorc1_lemuel, uniq_joseph
Temple:   regret_index_temple_mists

Skill      XL: |  1  2  3  4  5  6  7  8  9 10 |
---------------+-------------------------------+-----
Spellcasting   | 4 5 6 7 9 11 | 11.3
Earth Magic    | 4 5 6 8 9 |  9.9
Conjurations   | 1 2 3 5 6 8 |  8.9
Shields        | 1 3 4 |  4.0
Dodging        | |  2.4
Stealth        | |  2.4
Transmutations | |  1.1

Action                   |  1- 3 |  4- 6 |  7- 9 | 10-12 || total
-------------------------+-------+-------+-------+-------++-------
Melee: Whip              |       |       |    31 |       ||    31
 Cast: Sandblast         |    22 |    13 |    23 |       ||    58
       Stone Arrow       |    16 |    27 |   171 |     6 ||   220
       Lee's Rapid Decon |       |       |     8 |     6 ||    14
  Use: Scroll            |     1 |       |    10 |     1 ||    12
       Potion            |     1 |       |       |       ||     1
  Eat: Chunk             |     3 |     5 |    21 |     3 ||    32
       Ration            |       |     1 |       |     1 ||     2
Armor: Robe              |     1 |       |    11 |       ||    12
Dodge: Dodged            |     8 |    18 |    40 |     1 ||    67
Block: Buckler           |       |       |       |     1 ||     1

Table legend:
 A = Non-vault XP
 B = Vault XP
 C = Vault XP percentage of total XP
 D = Non-vault monster count
 E = Vault monster count
 F = Vault count percentage of total count
                 A         B        C        D         E       F
            +---------+---------+-------+---------+---------+-------
      Total |    5846 |    1597 |  21.5 |     152 |      37 |  19.6
            +---------+---------+-------+---------+---------+-------
        D:1 |      16 |       0 |   0.0 |      12 |       0 |   0.0
        D:2 |      77 |       0 |   0.0 |      15 |       0 |   0.0
        D:3 |     281 |      40 |  12.5 |      18 |       1 |   5.3
        D:4 |     515 |     462 |  47.3 |      18 |      30 |  62.5
        D:5 |     944 |       0 |   0.0 |      25 |       0 |   0.0
        D:6 |     919 |       0 |   0.0 |      21 |       0 |   0.0
        D:7 |     979 |       0 |   0.0 |      27 |       0 |   0.0
        D:8 |    1902 |    1095 |  36.5 |      14 |       6 |  30.0
        D:9 |     213 |       0 |   0.0 |       2 |       0 |   0.0
            +---------+---------+-------+---------+---------+-------
